 Dungeon Crawl Stone Soup version 0.21-a0-529-g8c7b3f5 (webtiles) character file.

98 polythemia the Twirler (level 4, 0/26 HPs)
             Began as a Gargoyle Gladiator on Dec 11, 2017.
             Slain by Robin
             ... wielding a +0 club
              (5 damage)
             ... on level 2 of the Dungeon.
             The game lasted 00:04:01 (1555 turns).

polythemia the Twirler (Gargoyle Gladiator)         Turns: 1555, Time: 00:04:02

Health: 0/26       AC:  8    Str: 17    XL:     4   Next: 71%
Magic:  4/4        EV: 12    Int:  9    God:
Gold:   106        SH:  0    Dex: 12    Spells: 3/3 levels left

rFire    . . .     SeeInvis .   e - +1 short sword (elec)
rCold    . . .     Gourm    .   (no shield)
rNeg     + . .     Faith    .   b - +0 leather armour
rPois    ∞         Spirit   .   c - +0 helmet
rElec    +         Reflect  .   (no cloak)
rCorr    .         Harm     .   (no gloves)
MR       .....                  o - +0 pair of boots
Stlth    +.........             h - amulet of rage
HPRegen  0.08/turn              (no ring)
MPRegen  0.09/turn              (no ring)

@: no status effects
A: negative energy resistance 1, electricity resistance, unbreathing,
petrification resistance, rot immunity, AC +3
a: Evoke Berserk Rage


You were on level 2 of the Dungeon.
You were not hungry.

You visited 1 branch of the dungeon, and saw 2 of its levels.

You collected 106 gold pieces.

Inventory:

Hand Weapons
 a - a +0 quarterstaff
 e - a +1 short sword of electrocution (weapon)
Missiles
 d - 5 throwing nets (quivered)
Armour
 b - a +0 leather armour (worn)
 c - a +0 helmet (worn)
 o - a +0 pair of boots (worn)
Jewellery
 h - an amulet of rage (around neck)
Wands
 p - a wand of polymorph (9)
Scrolls
 g - 2 scrolls of identify {unknown}
 j - a scroll of enchant armour {unknown}
 m - 3 scrolls of remove curse {unknown}
 n - a scroll of fog {unknown}
Potions
 i - a potion of might {unknown}
 l - 3 potions of curing
 q - a potion of heal wounds {unknown}
Comestibles
 f - a bread ration
 k - a meat ration


   Skills:
 - Level 2.1 Fighting
 + Level 5.3 Staves
 - Level 1.7 Throwing
 - Level 2.4 Dodging


You had 3 spell levels left.
You didn't know any spells.

Dungeon Overview and Level Annotations

Branches:
Dungeon (2/15)

Altars:
Fedhas

Annotations:
D:2 Robin


Innate Abilities, Weirdness & Mutations

You are resistant to torment.
Your stone body is resilient. (AC +3)
You are immune to poison.
You resist negative energy. (rN+)
You are resistant to electric shocks. (rElec)
You can survive without breathing.
You are immune to petrification.
You are immune to rotting.


Message History

* * * LOW HITPOINT WARNING * * *
You take 1 damage, and have 6/26 hp.
You hit Robin. Robin hits you but does no damage.
You hit Robin. Robin hits you with a club.
* * * LOW HITPOINT WARNING * * *
You take 2 damage, and have 4/26 hp.
Your leather armour prevents you from hitting Robin.
Robin hits you but does no damage.
You hit Robin. Robin hits you but does no damage.
You hit Robin. Robin hits you but does no damage.
You hit Robin but do no damage. Robin hits you but does no damage.
You closely miss Robin.
Robin drinks a potion.
Robin is healed!
A hobgoblin comes into view.
The hobgoblin shouts!
You hit Robin.
The hobgoblin moves out of view.
Robin barely misses you.
You hit Robin.
Robin roars a battlecry!
The hobgoblin goes into a battle-frenzy!
You hit Robin but do no damage. Robin hits you with a club.
You die...

# #.# .
#.# #
#.# #
#.# #
##.## #
#...## #
#.###.##
# #.#
##)# #
#. #@#
###.#.#
# ##g#
.......
#.###g##
###.###
#..†.# #
####..g#
#
#.#gg..
#
####g###
# .# # #


You could see Robin and a hobgoblin.

Vanquished Creatures
  3 gnolls (D:2)
  2 adders (D:2)
  2 leopard geckos (D:1)
  14 goblins
  5 hobgoblins
  3 jackals (D:1)
  8 bats
  4 kobolds
  6 rats
47 creatures vanquished.

Notes
Turn   | Place    | Note
-------+----------+-------------------------------------------
     0 | D:1      | polythemia the Gargoyle Gladiator began the quest for the Orb.
     0 | D:1      | Reached XP level 1. HP: 12/12 MP: 1/1
   160 | D:1      | Reached XP level 2. HP: 14/17 MP: 2/2
   437 | D:1      | Reached skill level 4 in Staves
   500 | D:1      | Reached XP level 3. HP: 19/21 MP: 3/3
   795 | D:2      | Reached XP level 4. HP: 18/26 MP: 4/4
  1064 | D:2      | Found a blossoming altar of Fedhas.
  1181 | D:2      | Reached skill level 5 in Staves
  1506 | D:2      | Noticed Robin
  1555 | D:2      | Slain by Robin

Vault maps used:
D:1:      noname_arrival_rooms_in_the_neighbourhood, hangedman_decor_growths,
          minmay_hexomino_p4
D:2:      lemuel_crystal_altar, nicolae_overflow_crystal_walls, uniq_robin

Skill      XL: |  1  2  3  4 |
---------------+-------------+-----
Staves         | 4 5 |  5.3
Fighting       | |  2.1
Throwing       | |  1.7
Dodging        | |  2.4

Action                   |  1- 3 |  4- 6 || total
-------------------------+-------+-------++-------
Melee: Short sword       |    82 |    70 ||   152
 Stab: Sleeping          |       |     1 ||     1
  Eat: Chunk             |       |     2 ||     2
Armor: Leather armour    |    42 |    32 ||    74
Dodge: Dodged            |    83 |    49 ||   132

Table legend:
 A = Spawn XP
 B = Non-spawn XP
 C = Spawn XP percentage of total XP
 D = Spawn monster count
 E = Non-spawn monster count
 F = Spawn count percentage of total count
 G = Total turns spent on level
                    A         B        C        D         E        F      G
               +---------+---------+-------+---------+---------+-------+---------
         Total |       0 |     141 |   0.0 |       0 |      47 |   0.0 |  1555
               +---------+---------+-------+---------+---------+-------+---------
           D:1 |       0 |      35 |   0.0 |       0 |      21 |   0.0 |   739
           D:2 |       0 |     106 |   0.0 |       0 |      26 |   0.0 |   816
               +---------+---------+-------+---------+---------+-------+---------
